 Dungeon Crawl Stone Soup version 0.29.0-11-gd7f09526c8 (webtiles) character file.

Game seed: 3504479848279530182

15 GigaChad the Shooter (level 2, -1/25 HPs)
             Began as a Minotaur Hunter on Sept 6, 2022.
             Slain by a frilled lizard (2 damage)
             ... on level 1 of the Dungeon.
             The game lasted 00:00:53 (154 turns).

GigaChad the Shooter (Minotaur Hunter)               Turns: 154, Time: 00:00:53

Health: -1/25      AC:  3    Str: 15    XL:     2   Next: 34%
Magic:  1/1        EV: 12    Int:  6    God:
Gold:   0          SH:  0    Dex: 13    Spells: 1/1 levels left

rFire   . . .      SeeInvis .   a - +0 shortbow
rCold   . . .      Faith    .   (shield currently unavailable)
rNeg    . . .      Spirit   .   c - +0 leather armour
rPois   .          Reflect  .   (helmet restricted)
rElec   .          Harm     .   (no cloak)
rCorr   .          Rampage  .   (no gloves)
Will    .....                   (no boots)
Stlth   +.........              (no amulet)
HPRegen 0.08/turn               (no ring)
MPRegen 0.07/turn               (no ring)

@: no status effects
A: horns 2, retaliatory headbutt
a: no special abilities


You were on level 1 of the Dungeon.
You visited 1 branch of the dungeon, and saw 1 of its levels.

Inventory:

Hand Weapons
 a - a +0 shortbow (weapon)
Armour
 c - a +0 leather armour (worn)
Scrolls
 b - a scroll of immolation
Potions
 d - a potion of heal wounds {unknown}


   Skills:
 + Level 2.5 Fighting
 + Level 5.0 Ranged Weapons
 + Level 2.2 Dodging
 + Level 0.7 Stealth


You had one spell level left.
You didn't know any spells.
Your spell library was empty.

Dungeon Overview and Level Annotations

Branches:
Dungeon (1/15)

Altars:


Innate Abilities, Weirdness & Mutations

You have a pair of horns on your head.
You reflexively headbutt those who attack you in melee.


Message History

[Y]es or [N]o only, please.
Really attack while wielding your +0 shortbow? [Y]es or [N]o only, please.
Really attack while wielding your +0 shortbow? [Y]es or [N]o only, please.
Really attack while wielding your +0 shortbow?
You clumsily bash the gnoll but do no damage.
The gnoll is almost dead.
The gnoll closely misses you. The frilled lizard bites you.
* * * LOW HITPOINT WARNING * * *
You completely miss the gnoll. You headbutt the gnoll.
You kill the gnoll!
The frilled lizard bites you.
* * * LOW HITPOINT WARNING * * *
A frilled lizard comes into view.
The frilled lizard closely misses you.
Your Ranged Weapons skill increases to level 5!
You have reached level 2!
The frilled lizard attacks as you move away!
The frilled lizard misses you.
You open the door. The frilled lizard barely misses you.
You furiously retaliate!
You headbutt the frilled lizard!
You kill the frilled lizard!
The rat closely misses you. You furiously retaliate!
You headbutt the rat. The rat attacks as you move away!
The rat bites you but does no damage.
Found a stone staircase leading down.
There is an open door here.
You are too injured to fight recklessly!
You are too injured to fight recklessly!
You are too injured to fight recklessly!
You closely miss the rat.
The rat is heavily wounded.
The rat closely misses you. You furiously retaliate!
You headbutt the rat!
You kill the rat!
The frilled lizard bites you.
* * * LOW HITPOINT WARNING * * *
You see here a rat corpse.
You clumsily bash the frilled lizard but do no damage.
The frilled lizard barely misses you. The frilled lizard bites you.
You die...

#... . ....## #.
#....##### #.. #.
#.....#
...#.##.....# ##
#.$.#.....# ..
#.........#####..#
#)...l@'......>
#.....#.....###.####
###...#.....###.####
..#.##.....##.....#
#.. #.
##.......###.## ..
## #......## #..# .
#.....## ##.#
#.#########..# ##
##...#..#.8#..#


You could see a frilled lizard.

Vanquished Creatures
  A gnoll (D:1)
  An endoplasm (D:1)
  A hobgoblin (D:1)
  A frilled lizard (D:1)
  2 rats (D:1)
6 creatures vanquished.

Notes
Turn   | Place    | Note
-------+----------+-------------------------------------------
     0 | D:1      | GigaChad the Minotaur Hunter began the quest for the Orb.
     0 | D:1      | Reached XP level 1. HP: 18/18 MP: 0/0
   146 | D:1      | Reached skill level 5 in Ranged Weapons
   146 | D:1      | Reached XP level 2. HP: 1/25 MP: 1/1
   153 | D:1      | HP: 1/25 [frilled lizard (1)]
   154 | D:1      | Slain by a frilled lizard

Illustrated notes

Levels and vault maps discovered:
D:1:      saegor_arrival_miasma, layout_basic,
          shapermc_ecumenical_altar_mp_vishouse, kennysheep_small_spiral,
          nicolae_titane

Skill      XL: |  1 |
---------------+----+-----
Ranged Weapons | 5 |  5.0
Fighting       | |  2.5
Dodging        | |  2.2
Stealth        | |  0.7

Action                   || total
-------------------------++-------
Melee: Shortbow          ||     4
       Headbutt          ||     1
 Fire: Shortbow          ||    10
Armor: Leather armour    ||     1
Dodge: Dodged            ||    10
